 Seeded DCSS version 0.28.0-43-g3370ac3207 (webtiles) character file.

Game seed: 9871404364189446373 (custom seed)

56 croobank the Covered (level 3, -9/33 HPs)
             Began as a Minotaur Fighter on Mar 24, 2022.
             Killed by divine providence
             ... invoked by an orc priest
              (14 damage)
             ... on level 3 of the Dungeon.
             The game lasted 00:06:43 (2159 turns).

croobank the Covered (Minotaur Fighter)             Turns: 2159, Time: 00:06:43

Health: -9/33      AC:  7    Str: 22    XL:     3   Next: 71%
Magic:  2/2        EV:  9    Int:  5    God:
Gold:   55         SH:  4    Dex:  9    Spells: 2/2 levels left

rFire   . . .      SeeInvis .   a - +0 war axe
rCold   . . .      Faith    .   c - +0 buckler
rNeg    . . .      Spirit   .   b - +0 scale mail
rPois   .          Reflect  .   (helmet restricted)
rElec   .          Harm     .   (no cloak)
rCorr   .          Rampage  .   (no gloves)
Will    .....                   (no boots)
Stlth   ..........              (no amulet)
HPRegen 0.11/turn               (no ring)
MPRegen 0.08/turn               (no ring)

@: no status effects
A: horns 2, retaliatory headbutt
a: no special abilities


You were on level 3 of the Dungeon.
You visited 1 branch of the dungeon, and saw 3 of its levels.

You collected 55 gold pieces.

Inventory:

Hand Weapons
 a - a +0 war axe (weapon)
 f - a +0 halberd of distortion
Missiles
 e - 64 stones (quivered)
 i - 72 arrows
 l - 3 poisoned darts
 n - 2 boomerangs
 o - a throwing net
 p - 21 sling bullets
Armour
 b - a +0 scale mail (worn)
 c - a +0 buckler (worn)
Scrolls
 j - a scroll of immolation {unknown}
 k - a scroll of teleportation
Potions
 d - a potion of might
 g - a potion of ambrosia
 h - 2 potions of curing
 m - 2 potions of attraction {unknown}


   Skills:
 + Level 4.2 Fighting
 + Level 3.2 Axes
 * Level 4.4 Armour
 + Level 4.1 Shields


You had 2 spell levels left.
You didn't know any spells.
Your spell library was empty.

Dungeon Overview and Level Annotations

Branches:
Dungeon (3/15)

Altars:


Innate Abilities, Weirdness & Mutations

You have a pair of horns on your head.
You reflexively headbutt those who attack you in melee.


Message History

You slash the endoplasm!
You kill the endoplasm!
You see here a +0 scimitar.
There is a stone staircase leading up here.
You climb upwards.
There is a stone staircase leading down here.
You start resting.
HP restored.
You climb downwards.
You block the orc's attack. x2
There is a stone staircase leading up here.
You hit the orc.
The orc is heavily wounded.
The orc priest invokes the aid of Beogh against you.
Beogh smites you! The orc barely misses you. The orc hits you with a +0 club.
You climb upwards.
There is a stone staircase leading down here.
You barely miss the orc.
The orc is heavily wounded.
The orc barely misses you. The orc closely misses you.
You closely miss the orc. You headbutt the orc.
You kill the orc!
You start resting.
HP restored.
You climb downwards.
There is a stone staircase leading up here.
The orc priest calls down the wrath of Beogh upon you.
Beogh smites you! The orc priest closely misses you.
You barely miss the orc priest.
The orc priest invokes the aid of Beogh against you.
Beogh smites you!
Ouch! That really hurt!
* * * LOW HITPOINT WARNING * * *
You closely miss the orc priest. Your headbutt misses the orc priest.
The orc priest barely misses you. You furiously retaliate!
You headbutt the orc priest!
The orc priest invokes the aid of Beogh against you.
Beogh smites you!
You die...

#####. .#
##..... .#.##
(...... .. . .
.#.?#.. .#.#.#
.......##.#....
..............#
.......)..#....
..#####.o.# #
#.@## #..####.#
#)<.....#
........#####.#
..#####.# #.#
... ###


You could see an orc priest.

Vanquished Creatures
  An adder (D:2)
  A worm (D:2)
  3 orcs
  3 ball pythons (D:1)
  9 endoplasms
  5 goblins
  2 hobgoblins (D:2)
  3 quokkas
  6 bats
  A frilled lizard (D:1)
  2 rats (D:2)
36 creatures vanquished.

Notes
Turn   | Place    | Note
-------+----------+-------------------------------------------
     0 | D:1      | croobank the Minotaur Fighter began the quest for the Orb.
     0 | D:1      | Reached XP level 1. HP: 19/19 MP: 0/0
   338 | D:1      | Reached XP level 2. HP: 27/27 MP: 1/1
  1342 | D:2      | Reached XP level 3. HP: 31/33 MP: 2/2
  2159 | D:3      | Killed from afar by an orc priest

Illustrated notes

Levels and vault maps discovered:
D:1:      onia_arrival_mini_maze_b, layout_basic, bh_walls_and_bars
D:2:      layout_basic, serial_glass, glass_columns_c, glass_columns_b,
          nrook_campfire, minmay_tripent
D:3:      layout_basic, minmay_misc_feat_encased

Skill      XL: |  1  2 |
---------------+-------+-----
Shields        | 4 |  4.1
Fighting       | 4 |  4.2
Armour         | 4 |  4.4
Axes           | 3 |  3.2

Action                   || total
-------------------------++-------
Melee: War axe           ||    85
       Headbutt          ||    13
  Use: Scroll            ||     6
Armor: Scale mail        ||    50
Dodge: Dodged            ||    54
Block: Buckler           ||    30
